 Dungeon Crawl Stone Soup version 0.19.0 (webtiles) character file.

2632 Mesmaeker13 the Geomancer (level 9, -1/55 HPs)
             Began as a Gargoyle Earth Elementalist on Nov 1, 2016.
             Was a Believer of Sif Muna.
             Slain by feelmyfire's ghost (16 damage)
             ... in a bailey.
             The game lasted 00:24:05 (7551 turns).

Mesmaeker13 the Geomancer (GrEE)                    Turns: 7551, Time: 00:24:06

Health: -1/55      AC: 12    Str: 12    XL:     9   Next: 61%
Magic:  10/18      EV: 12    Int: 22    God:    Sif Muna [**....]
Gold:   777        SH:  0    Dex: 10    Spells: 6 memorised, 3 levels left

rFire  + . .     SeeInvis .     b - 77 stones
rCold  + . .     Gourm    .     y - +2 robe {rC+ rF+}
rNeg   + . .     Faith    .     (no shield)
rPois  ∞         Spirit   .     f - +2 helmet
rElec  +         Reflect  .     (no cloak)
rCorr  .         Harm     .     (no gloves)
MR     +....                    (no boots)
Stlth  ++........               (no amulet)
                                F - ring of protection from magic
                                q - +3 ring of intelligence

@: very slightly contaminated, hasted, very quick
A: negative energy resistance 1, electricity resistance, unbreathing,
petrification resistance, rot immunity, AC +5
a: Divine Energy, Renounce Religion


You were in a bailey.
You worshipped Sif Muna.
Sif Muna was pleased with you.
You were hungry.

You visited 2 branches of the dungeon, and saw 9 of its levels.
You also visited: Ossuary and Bailey.

You collected 777 gold pieces.

Inventory:

Hand Weapons
 k - a +2 dagger of freezing
 s - a +1 whip of freezing
 u - a +0 dagger of venom
Missiles
 b - 77 stones (in hand)
Armour
 f - a +2 helmet (worn)
 y - a +2 robe of resistance (worn)
Jewellery
 q - a +3 ring of intelligence (left hand)
 t - an uncursed ring of positive energy
 w - an uncursed ring of positive energy
 x - an uncursed ring of ice
 F - a ring of protection from magic (right hand)
Wands
 a - a wand of teleportation (3/9)
 G - a wand of flame (16/48)
Scrolls
 c - a scroll of magic mapping
 l - a scroll of enchant weapon
 m - 2 scrolls of recharging
 r - 2 scrolls of remove curse
Potions
 g - a potion of flight
 h - a potion of resistance {unknown}
 o - a potion of heal wounds
 p - a potion of might {unknown}
 A - a potion of brilliance {unknown}
 E - a potion of curing
Books
 e - a book of Geomancy

   Spells                             Type                      Level
   a - Sandblast                      Earth                        1
   b - Passwall                       Transmutation/Earth          2
   c - Stone Arrow                    Conjuration/Earth            3
   d - Petrify                        Transmutation/Earth          4
   e - Lee's Rapid Deconstruction     Earth                        5
 B - a Young Poisoner's Handbook

   Spells                             Type                      Level
   a - Sting                          Conjuration/Poison           1
   b - Mephitic Cloud                 Conjuration/Poison/Air       3
   c - Olgreb's Toxic Radiance        Poison                       4
   d - Alistair's Intoxication        Transmutation/Poison         5
   e - Venom Bolt                     Conjuration/Poison           5
Comestibles
 d - 4 bread rations
 i - 2 meat rations
 n - 2 beef jerkies
 C - 2 chunks of flesh
 D - a royal jelly


   Skills:
 + Level 5.7 Fighting
 + Level 2.7 Dodging
 - Level 2.1 Stealth
 + Level 6.6 Spellcasting
 - Level 6.0 Conjurations
 - Level 0.7 Transmutations
 - Level 9.0 Earth Magic
 + Level 0.0 Poison Magic


You had 3 spell levels left.
You knew the following spells:

 Your Spells              Type           Power        Failure   Level  Hunger
a - Sandblast             Erth           #####.       1%          1    None
b - Stone Arrow           Conj/Erth      #####.       1%          3    #......
c - Passwall              Tmut/Erth      ####......   1%          2    None
d - Petrify               Tmut/Erth      ####....     12%         4    ###....
e - Lee's Rapid Deconstr  Erth           #####.....   8%          5    #####..
f - Mephitic Cloud        Conj/Pois/Air  ###.....     12%         3    #......


Dungeon Overview and Level Annotations

Branches:
Dungeon (8/15)             Temple (1/1) D:5
   Lair: D:8-11

Altars:
Ashenzari
Cheibriados
Dithmenos
Elyvilon
Fedhas
Gozag
Hepliaklqana
Kikubaaqudgha
Makhleb
Nemelex Xobeh
Okawaru
Qazlal
Ru
Sif Muna
Trog
Uskayaw
Vehumet
Xom
Yredelemnul
Zin
The Shining One

Shops:
D:8 %

Annotations:
Bailey feelmyfire's ghost, novice HOFi


Innate Abilities, Weirdness & Mutations

You are resistant to torment.
Your stone body is resilient. (AC +5)
You are immune to poison.
You resist negative energy. (rN+)
You are resistant to electric shocks. (rElec)
You can survive without breathing.
You are immune to petrification.
You are immune to rotting.


Message History

There is an empty arch of ancient stone here.
Casting: Stone Arrow
Confirm with . or Enter, or press ? or * to list all spells.
Aiming: Stone Arrow
Press: ? - help, Shift-Dir - straight line, f - deep elf mage, p - feelmyfire's ghost
Aim: a deep elf mage, wielding a long sword The stone arrow hits the deep elf mage.
The deep elf mage is lightly wounded.
The deep elf mage gestures wildly while chanting.
The deep elf mage blinks!
Casting: Stone Arrow
Confirm with . or Enter, or press ? or * to list all spells.
Aiming: Stone Arrow
Press: ? - help, Shift-Dir - straight line, f - feelmyfire's ghost, p - deep elf mage
Aim: feelmyfire's ghost The stone arrow hits feelmyfire's ghost.
Feelmyfire's ghost is lightly damaged.
Feelmyfire's ghost wails.
Feelmyfire's ghost hits you!
You die...

**,,*##...,*,,,,***,,**
*,,,,#....,*,,,,,*,,,,*
*,,,,#..∩.,*,,,,,*,,,,*
**,,*#..e.,*,,,,,**,,**
******...***,,,**+***
**,,*#'####**,,**
*,,,,##.E.##,,,,*
*,,,,#.§W..#,,,,*
**,,*#..@..#*,,**
****##...##**** #####


You could see an earth elemental, a deep elf mage and feelmyfire's ghost.

Vanquished Creatures
  Pikel (D:6)
  Prince Ribbit (D:6)
  A water moccasin (D:7)
  2 orc warriors (D:7)
  A slave (D:6)
  A phantom (D:4)
  2 ogres (D:7)
  2 centaurs
  A bullfrog (D:6)
  5 killer bees (D:7)
  A jelly (D:5)
  3 orc priests
  3 hounds
  3 bullfrog skeletons
  2 iguanas
  6 orc wizards
  6 worker ants
  4 big kobold zombies (Ossuary)
  2 mummies (Ossuary)
  6 adders
  4 shadow imps
  2 oozes (D:3)
  2 worms (D:3)
  2 dart slugs
  3 leopard geckos
  20 orcs
  7 bats
  2 giant cockroaches
  3 gnoll zombies (Ossuary)
  7 goblins
  6 hobgoblins
  4 jackals (D:2)
  5 quokkas
  6 frilled lizards
  A giant cockroach zombie (D:5)
  2 goblin zombies (Ossuary)
  5 kobolds
  6 orc zombies
  2 quokka zombies (D:5)
  6 rats
148 creatures vanquished.

Vanquished Creatures (collateral kills)
  A slave (D:5)
1 creature vanquished.

Grand Total: 149 creatures vanquished

Notes
Turn   | Place    | Note
-------+----------+-------------------------------------------
     0 | D:1      | Mesmaeker13 the Gargoyle Earth Elementalist began the quest for the Orb.
     0 | D:1      | Reached XP level 1. HP: 10/10 MP: 3/3
   317 | D:1      | Reached XP level 2. HP: 12/15 MP: 1/5
   392 | D:1      | Reached skill level 4 in Earth Magic
   789 | D:2      | Reached XP level 3. HP: 14/19 MP: 1/7
  1376 | D:2      | Learned a level 3 spell: Stone Arrow
  1408 | D:3      | Reached XP level 4. HP: 24/24 MP: 5/8
  1455 | D:3      | Reached skill level 5 in Earth Magic
  1602 | D:3      | Found a white marble altar of Elyvilon.
  2478 | D:4      | Reached skill level 1 in Conjurations
  2478 | D:4      | Reached XP level 5. HP: 28/28 MP: 3/10
  2736 | D:4      | Noticed a phantom
  2749 | D:4      | Killed a phantom
  2749 | D:4      | Reached XP level 6. HP: 24/32 MP: 3/12
  2977 | D:4      | Reached skill level 6 in Earth Magic
  2981 | D:4      | Learned a level 2 spell: Passwall
  3065 | D:5      | Entered Level 5 of the Dungeon
  3198 | D:5      | Reached XP level 7. HP: 18/36 MP: 10/13
  3443 | D:5      | Found a staircase to the Ecumenical Temple.
  3453 | Temple   | Entered the Ecumenical Temple
  3538 | Temple   | Became a worshipper of Sif Muna the Loreminder
  3819 | D:5      | Noticed Pikel
  3860 | D:6      | Killed Pikel
  3860 | D:6      | Reached skill level 5 in Spellcasting
  3860 | D:6      | Reached skill level 7 in Earth Magic
  3860 | D:6      | Reached XP level 8. HP: 18/45 MP: 0/15
  4181 | D:5      | Reached * piety under Sif Muna
  4298 | D:6      | Found a sand-covered staircase.
  4310 | Ossuary  | Entered an ossuary
  5332 | D:6      | Noticed Prince Ribbit
  5376 | D:6      | Reached skill level 5 in Conjurations
  5382 | D:6      | Learned a level 4 spell: Petrify
  5402 | D:6      | Killed Prince Ribbit
  5567 | D:6      | Reached skill level 8 in Earth Magic
  5577 | D:6      | Reached ** piety under Sif Muna
  6031 | D:7      | Reached XP level 9. HP: 52/52 MP: 10/17
  6043 | D:7      | Learned a level 5 spell: Lee's Rapid Deconstruction
  6467 | D:7      | Reached skill level 5 in Fighting
  6926 | D:7      | Reached skill level 9 in Earth Magic
  7408 | D:8      | Found Roylihal's Food Shop.
  7497 | D:8      | Found a flagged portal.
  7517 | Bailey   | Entered a bailey
  7523 | Bailey   | Learned a level 3 spell: Mephitic Cloud
  7525 | Bailey   | Noticed feelmyfire's ghost (novice HOFi)
  7529 | Bailey   | Noticed a deep elf mage
  7551 | Bailey   | Slain by feelmyfire's ghost

Skill      XL: |  1  2  3  4  5  6  7  8  9 |
---------------+----------------------------+-----
Earth Magic    | 4 5 6 7 8 9 |  9.0
Spellcasting   | 3 4 5 6 |  6.6
Conjurations   | 1 2 3 4 5 6 |  6.0
Fighting       | 2 4 5 |  5.7
Dodging        | 2 |  2.7
Stealth        | |  2.1
Transmutations | |  0.7

Action                   |  1- 3 |  4- 6 |  7- 9 || total
-------------------------+-------+-------+-------++-------
Melee: Hand axe          |    17 |       |       ||    17
       Dagger            |    21 |    46 |   134 ||   201
       Whip              |       |       |     3 ||     3
 Cast: Sandblast         |    37 |    60 |   110 ||   207
       Stone Arrow       |       |       |    26 ||    26
       Lee's Rapid Decon |       |       |     1 ||     1
Evoke: Wand              |       |       |     6 ||     6
  Use: Scroll            |     5 |     2 |     4 ||    11
       Potion            |       |     5 |     3 ||     8
 Stab: Sleeping          |     1 |       |     1 ||     2
  Eat: Chunk             |     2 |     4 |     6 ||    12
       Meat ration       |       |     1 |       ||     1
       Bread ration      |       |       |     1 ||     1
Armor: Robe              |    24 |    15 |    79 ||   118
       Skin              |       |    47 |       ||    47
Dodge: Dodged            |    53 |    24 |   101 ||   178
